 Dungeon Crawl Stone Soup version 0.17.1-1-g73c8601 (webtiles) character file.

113 lucasterio the Covered (level 4, 0/38 HPs)
             Began as a Demigod Fighter on Dec 13, 2015.
             Slain by a giant frog (6 damage)
             ... in a sewer.
             The game lasted 00:08:21 (2224 turns).

lucasterio the Covered (Demigod Fighter)            Turns: 2224, Time: 00:08:22

Health: 0/38       AC:  9    Str: 21    XL:     4   Next: 39%
Magic:  6/6        EV: 10    Int: 12    God:
Gold:   121        SH:  5    Dex: 15    Spells: 0 memorised, 3 levels left

rFire  . . .     SeeInvis .     a - +1 flail
rCold  . . .     Clarity  .     j - +0 ring mail
rNeg   . . .     SustAt   +     h - +0 buckler (curse)
rPois  .         Gourm    .     m - +0 helmet
rElec  .         Spirit   .     k - +0 cloak
rCorr  .         Warding  .     i - +0 pair of gloves
rMut   .         Stasis   .     (no boots)
MR     .....                    (no amulet)
Stlth  +.........               (no ring)
                                (no ring)

@: not resistant to hostile enchantments, very unstealthy
A: high mp 1, sustain attributes
a: no special abilities


You were in a sewer.
You were not hungry.

You visited 1 branch of the dungeon, and saw 3 of its levels.
You also visited: Sewer.

You collected 121 gold pieces.

Inventory:

Hand Weapons
 a - a +1 flail (weapon)
Armour
 b - a +0 scale mail
 c - a +0 shield
 h - a cursed +0 buckler (worn)
 i - a +0 pair of gloves (worn)
 j - a +0 ring mail (worn)
 k - a +0 cloak (worn)
 m - a +0 helmet (worn)
Scrolls
 l - a scroll of identify
 o - a scroll of remove curse {unknown}
Potions
 d - a potion of might
 f - a potion of heal wounds {unknown}
 g - a potion of curing
 p - a potion of haste {unknown}
Comestibles
 e - 2 bread rations
 n - a meat ration
 q - 9 chunks of flesh


   Skills:
 + Level 3.1 Fighting
 * Level 2.7 Maces & Flails
 * Level 3.7 Armour
 + Level 3.1 Shields


You had 3 spell levels left.
You didn't know any spells.

Dungeon Overview and Level Annotations

Branches:
Dungeon (3/15)


Innate Abilities, Weirdness & Mutations

You have an increased reservoir of magic (+10% MP).
Your attributes are resistant to harm.


Message History

The ball python is moderately wounded.
The giant frog barely misses you.
The giant frog hits you but does no damage. x2
The ball python barely misses you.
* * * LOW HITPOINT WARNING * * *
The ball python constricts you. The giant frog hits you.
* * * LOW HITPOINT WARNING * * *
You thump the ball python!
You kill the ball python!
You block the giant frog's attack.
The giant frog hits you but does no damage.
The giant frog hits you.
* * * LOW HITPOINT WARNING * * *
The giant gecko splashes around in the water.
The giant frog barely misses you. x2
You block the giant frog's attack.
Some of the chunks of flesh in your inventory have rotted away.
The giant frog barely misses you. The giant frog misses you.
The giant frog hits you.
You die...

#.∩.∩..÷≈≈≈≈≈≈≈≈≈≈≈≈≈≈≈
########..≈.≈≈≈≈≈≈≈.###
########≈≈≈≈≈#
###################.≈≈≈.#
................≈≈≈≈≈≈≈≈#
≈≈≈≈≈≈≈≈≈≈≈≈≈≈≈≈÷≈≈≈≈≈≈≈#
≈≈≈≈≈≈≈≈≈≈≈≈≈≈≈≈≈≈≈≈≈≈≈.#
≈≈≈≈≈≈≈≈≈≈≈≈†l≈F≈≈≈≈≈≈s≈#
l≈≈≈≈≈≈≈.....l.F@≈.≈≈≈≈.#
≈≈≈≈≈≈≈≈≈≈≈≈#######≈≈≈≈.#
≈≈≈≈≈≈≈≈≈≈≈≈≈≈# #≈≈≈≈.#
≈≈≈.≈≈≈≈≈≈≈≈≈≈# #.≈≈≈.#
≈≈.≈≈≈≈≈≈≈≈≈≈≈≈# #.≈≈≈.#
≈≈.≈..?≈≈≈≈≈≈≈≈# #≈≈≈≈.#
≈≈.≈≈[$$.≈≈≈≈≈≈# #≈≈≈≈.#
≈≈≈.≈.(.≈≈≈≈≈≈≈# #≈≈≈≈.#
...≈≈≈.≈≈≈≈≈≈≈≈# #≈≈≈≈≈#


You could see 2 giant frogs, 2 giant geckos and a giant cockroach.

Vanquished Creatures
  A river rat (D:3)
  3 adders (D:2)
  A giant gecko (D:1)
  5 bats
  8 giant cockroaches
  12 goblins
  5 hobgoblins
  9 jackals
  3 ball pythons (Sewer)
  12 giant newts
  5 kobolds
  A quokka (D:2)
  17 rats
82 creatures vanquished.

Notes
Turn   | Place    | Note
--------------------------------------------------------------
     0 | D:1      | lucasterio the Demigod Fighter began the quest for the Orb.
     0 | D:1      | Reached XP level 1. HP: 18/18 MP: 3/3
   324 | D:1      | Reached skill level 3 in Armour
   324 | D:1      | Reached XP level 2. HP: 25/25 MP: 4/4
   818 | D:1      | Reached XP level 3. HP: 31/31 MP: 5/5
  1666 | D:2      | Reached XP level 4. HP: 38/38 MP: 6/6
  2021 | D:3      | Found a glowing drain.
  2025 | Sewer    | Entered a sewer
  2224 | Sewer    | Slain by a giant frog

Action                   |  1- 3 |  4- 6 || total
-------------------------+-------+-------++-------
Melee: Flail             |   198 |    52 ||   250
  Use: Scroll            |     3 |       ||     3
  Eat: Chunk             |     3 |     2 ||     5
